 Seeded DCSS version 0.28-a0-1613-gdaab1c2f9b (webtiles) character file.

Game seed: 11 (custom seed)

22449 knot the Cleaver (level 12, 0/81 HPs)
             Began as a Demonspawn Berserker on Jan 22, 2022.
             Was a Priest of Trog.
             Slain by a skeletal warrior (15 damage)
             ... led by a skeletal warrior
             ... on level 13 of the Dungeon.
             The game lasted 00:30:06 (20625 turns).

knot the Cleaver (Demonspawn Berserker)            Turns: 20625, Time: 00:30:06

Health: 0/81       AC:  8    Str: 23    XL:     12   Next: 63%
Magic:  0/12       EV: 12    Int: 14    God:    Trog [***...]
Gold:   930        SH:  0    Dex: 15    Spells: 11/11 levels left

rFire   + . .      SeeInvis .   U - +6 battleaxe (vorpal)
rCold   + + .      Faith    .   (shield currently unavailable)
rNeg    . . .      Spirit   +   V - +0 acid dragon scales
rPois   +          Reflect  .   b - +0 hat {Will+}
rElec   .          Harm     .   D - scarf {rC+ rF+}
rCorr   +          Rampage  .   R - +0 pair of gloves of the Lost Path {rPois Dex+2 Slay+3}
Will    +....                   K - +0 pair of boots "Riemin" {+Inv rPois}
Stlth   +.........              w - amulet of magic regeneration
HPRegen 0.23/turn               L - +6 ring of strength
MPRegen 0.66/turn               W - ring of protection from cold

@: on berserk cooldown, slowed, very slow
A: powered by death 2, magic shield, magic regeneration, sturdy frame 2,
weakness stinger 1
a: Renounce Religion, Evoke Invisibility, Berserk, Trog's Hand


You were on level 13 of the Dungeon.
You worshipped Trog.
Trog was most pleased with you.
You visited 2 branches of the dungeon, and saw 14 of its levels.
You also visited: Sewer.

You collected 930 gold pieces.

Inventory:

Hand Weapons
 a - the +7 spear "Uhapass" {vorpal, Int+4}
   (You found it on level 10 of the Dungeon)

   It inflicts extra damage upon your enemies.
   Int:       It affects your intelligence (+4).
 C - a +3 spear of venom
 O - a +1 war axe of freezing
 U - a +6 vorpal battleaxe (weapon)
Missiles
 d - 300 stones
 p - 2 atropa-tipped darts
 B - 104 sling bullets
 N - 23 poisoned darts (quivered)
 P - 3 curare-tipped darts
 Q - 4 boomerangs
 Y - 3 javelins
Armour
 b - a +0 hat of willpower (worn)
 D - a scarf of resistance (worn)
 I - a +0 crystal plate armour
 K - the +0 pair of boots "Riemin" (worn) {+Inv rPois}
   (You found it on level 7 of the Dungeon)

   rPois:     It protects you from poison.
   +Inv:      It lets you turn invisible.
 R - the +0 pair of gloves of the Lost Path (worn) {rPois Dex+2 Slay+3}
   (You found it on level 10 of the Dungeon)

   Dex:       It affects your dexterity (+2).
   Slay:      It affects your accuracy & damage with ranged weapons and melee
   (+3).
   rPois:     It protects you from poison.
 V - +0 acid dragon scales (worn)
Jewellery
 w - an amulet of magic regeneration (around neck)
 L - a +6 ring of strength (left hand)
 W - a ring of protection from cold (right hand)
Wands
 x - a wand of flame (22)
 y - a wand of charming (14)
 H - a wand of mindburst (10)
 S - a wand of iceblast (8)
 T - a wand of acid (13)
Scrolls
 e - a scroll of silence
 l - 4 scrolls of teleportation
 o - a scroll of blinking
 s - 3 scrolls of fog
 t - 4 scrolls of fear
 E - a scroll of vulnerability
 F - 4 scrolls of immolation
 M - 3 scrolls of identify
 X - 2 scrolls of summoning
Potions
 c - 6 potions of brilliance
 f - 4 potions of mutation
 g - a potion of attraction
 h - 3 potions of lignification
 j - 4 potions of curing
 m - 2 potions of magic
 n - 5 potions of degeneration
 q - 3 potions of cancellation {unknown}
 r - 3 potions of berserk rage {unknown}
 u - 3 potions of flight {unknown}
 v - 2 potions of invisibility {unknown}
 z - a potion of haste
 A - 2 potions of might {unknown}
 J - a potion of resistance


   Skills:
 - Level 3.0 Fighting
 * Level 14.0 Axes
 + Level 13.9 Throwing
 - Level 1.7 Armour
 - Level 1.7 Dodging


You had 11 spell levels left.
You didn't know any spells.
Your spell library contained the following spells:

 Spells                   Type           Power      Damage    Failure   Level
 Foxfire                  Conj/Fire      0%         2x1d4     28%         1
 Blink                    Tloc           0%         N/A       41%         2
 Conjure Flame            Conj/Fire      0%         6-21      65%         3
 Frozen Ramparts          Ice            0%         1d2       65%         3
 Inner Flame              Hex/Fire       0%         N/A       65%         3
 Cause Fear               Hex            0%         N/A       96%         4
 Flame Wave               Conj/Fire      0%         2d4       96%         4
 Ice Form                 Ice/Tmut       0%         N/A       96%         4
 Summon Ice Beast         Ice/Summ       0%         N/A       96%         4
 Freezing Cloud           Conj/Ice/Air   0%         6-21      100%        5
 Manifold Assault         Tloc           0%         N/A       100%        5
 Simulacrum               Ice/Necr       0%         N/A       100%        6
 Dragon Form              Tmut           0%         N/A       100%        7
 Storm Form               Tmut/Air       0%         N/A       100%        7
 Dragon's Call            Summ           0%         N/A       100%        9
 Polar Vortex             Ice            0%         N/A       100%        9


Dungeon Overview and Level Annotations

Branches:
Dungeon (13/15)            Temple (1/1) D:7            Lair (0/6) D:11
    Orc (0/2) D:9           Sewer (visited)
 Vaults: D:13-14

Altars:
Ashenzari
Cheibriados
Dithmenos
Elyvilon
Fedhas
Gozag
Hepliaklqana
Kikubaaqudgha
Makhleb
Nemelex Xobeh
Okawaru
Qazlal
Ru
Sif Muna
Trog
Uskayaw
Vehumet
Wu Jian
Xom
Yredelemnul
Zin
The Shining One

Shops:
D:9 *

Annotations:
D:12 2 runed translucent doors


Innate Abilities, Weirdness & Mutations

You regenerate health from kills.
When hurt, damage is shared between your health and your magic reserves.
You regenerate magic rapidly.
Your movements are less encumbered by armour. (ER -4)
You have a small tail.


Message History

You add the spells Freezing Cloud, Simulacrum and Polar Vortex to your library.
A skeletal warrior comes into view. It is wielding a +0 battleaxe.
You fail to use your ability.
You fail to use your ability.
You fail to use your ability.
You fail to use your ability.
The skeletal warrior hits you but does no damage.
A red film seems to cover your vision as you go berserk!
You feel yourself moving faster!
You feel mighty!
You can no longer call in reinforcements.
You slash the skeletal warrior!
The skeletal warrior is lightly damaged.
The skeletal warrior closely misses you.
You hit the skeletal warrior.
The skeletal warrior is moderately damaged.
The skeletal warrior hits you with a +0 battleaxe!
You hit the skeletal warrior.
The skeletal warrior is moderately damaged.
You open the skeletal warrior like a pillowcase!!!
You destroy the skeletal warrior!
Trog accepts your kill.
Your Axes skill increases to level 14!
No target in view!
You feel a strong urge to attack something.
A skeletal warrior comes into view. It is wielding a +0 trident.
You feel your anger nearly subside.
You are no longer berserk.
You are exhausted.
You feel yourself slow down.
The skeletal warrior hits you with a +0 trident.
A skeletal warrior comes into view. It is wielding a +0 war axe.
The skeletal warrior hits you with a +0 trident!!
The skeletal warrior misses you. The skeletal warrior barely misses you.
The skeletal warrior closely misses you.
The skeletal warrior hits you with a +0 war axe.
The skeletal warrior hits you with a +0 war axe!
The skeletal warrior hits you from afar with a +0 trident!
The skeletal warrior hits you with a +0 war axe!!
* * * LOW HITPOINT WARNING * * *
The skeletal warrior hits you with a +0 war axe!!
You die...

#.......# #..#.##
#..(....# ##.##.#
##.......# ###..##.#
).#<.<.....# #.......#
#..........#####.......#
.<......................#
..#.##....>.............#
###. ####......##zz.....#
#. #........@.#####.# ..
#........######..######
## #......?.# #.........#
#.###.#..# #.).......# #.
#...#####....#.#...# #
......(..........#.#
......####........# #
...... #.....#..#
#.........#


You could see 2 skeletal warriors.

Vanquished Creatures
  Gastronok (D:12)
  2 boulder beetles
  Erolcha (D:12)
  3 two-headed ogres
  A skeletal warrior (D:13)
  An orc knight (D:10)
  A harpy (shapeshifter) (D:10)
  2 cyclopes
  A manticore (D:11)
  An elephant (D:11)
  An ugly thing (D:10)
  Maurice (D:10)
  A kobold demonologist (D:10)
  A komodo dragon (shapeshifter) (D:11)
  3 trolls
  3 hornets
  6 slime creatures (D:12)
  2 shadows
  2 wyverns
  2 basilisks
  2 wraiths (D:10)
  Eustachio (D:4)
  A fire elemental (D:7)
  2 fire bats (D:7)
  7 yaks
  A steam dragon (D:8)
  Menkaure (D:7)
  5 vampire mosquitoes
  2 acid dragons
  6 orc warriors
  2 ice beasts (D:7)
  A black bear (D:8)
  2 sky beasts (D:6)
  5 ogres
  8 centaurs
  2 necrophages
  2 phantoms
  4 kobold brigands
  A bullfrog (D:9)
  A wyvern zombie (D:5)
  2 scorpions
  6 gnoll sergeants
  2 wyvern skeletons (D:6)
  19 killer bees
  A wight (D:10)
  A howler monkey (D:9)
  5 centaur zombies
  3 jellies
  3 orc priests
  4 gnoll shamans
  3 hounds
  3 bullfrog skeletons
  12 orc wizards
  2 iguanas
  A killer bee zombie (D:7)
  A centaur simulacrum (D:10)
  A howler monkey zombie (D:6)
  A howler monkey skeleton (D:6)
  15 gnolls
  5 adders
  7 river rats
  A white imp (D:6)
  A worm (D:2)
  A dart slug (D:3)
  21 orcs
  6 endoplasms
  4 giant cockroaches
  4 goblins
  3 hobgoblins
  4 jackals
  17 kobolds
  2 quokkas
  11 ball pythons
  7 bats
  5 frilled lizards
  16 rats
292 creatures vanquished.

Vanquished Creatures (collateral kills)
  An ogre mage (D:10)
  A black bear (D:6)
  A centaur (D:6)
  A howler monkey skeleton (D:6)
  A gnoll (D:6)
5 creatures vanquished.

Vanquished Creatures (others)
  An acid dragon (D:12)
  An ice beast (D:8)
  An orc (D:8)
3 creatures vanquished.

Grand Total: 300 creatures vanquished

Notes
Turn   | Place    | Note
-------+----------+-------------------------------------------
     0 | D:1      | knot the Demonspawn Berserker began the quest for the Orb.
     0 | D:1      | Reached XP level 1. HP: 18/18 MP: 1/1
    50 | D:1      | Reached skill level 3 in Axes
    61 | D:1      | Gained mutation: You regenerate a little health from kills.
                  | [demonic ancestry]
    61 | D:1      | Reached XP level 2. HP: 24/24 MP: 2/2
   426 | D:1      | Found a faded altar of an unknown god.
   889 | D:2      | Gained mutation: Your movements are slightly less
                  | encumbered by armour. (ER -2) [demonic ancestry]
   889 | D:2      | Reached XP level 3. HP: 26/29 MP: 3/3
  1027 | D:2      | Reached skill level 4 in Axes
  1360 | D:2      | Reached ** piety under Trog
  1948 | D:2      | You fall into a shaft and drop 2 floors!
  1964 | D:4      | Reached XP level 4. HP: 21/35 MP: 4/4
  2128 | D:3      | Found a glowing drain.
  2164 | Sewer    | Entered a sewer
  2312 | Sewer    | Reached skill level 5 in Axes
  2322 | Sewer    | Reached XP level 5. HP: 41/41 MP: 5/5
  3792 | D:3      | Found a shadowy altar of Dithmenos.
  3795 | D:3      | Found a bloodstained altar of Trog.
  3796 | D:3      | Found a basalt altar of Yredelemnul.
  3796 | D:3      | Found a radiant altar of Vehumet.
  3796 | D:3      | Found a burning altar of Makhleb.
  3798 | D:3      | Found a broken altar of Ashenzari.
  3799 | D:3      | Found a snail-covered altar of Cheibriados.
  3801 | D:3      | Found a sacrificial altar of Ru.
  4435 | D:4      | Reached skill level 6 in Axes
  4435 | D:4      | Gained mutation: You have a small tail. [demonic ancestry]
  4435 | D:4      | Reached XP level 6. HP: 47/47 MP: 6/6
  4818 | D:4      | Noticed Eustachio
  4872 | D:4      | Killed Eustachio
  4873 | D:4      | Reached skill level 7 in Axes
  5257 | D:4      | Gained mutation: You regenerate health from kills. [demonic
                  | ancestry]
  5257 | D:4      | Reached XP level 7. HP: 51/52 MP: 7/7
  5589 | D:5      | Entered Level 5 of the Dungeon
  5918 | D:5      | HP: 2/52 [centaur/arrow (5)]
  6390 | D:5      | Reached skill level 1 in Throwing
  6483 | D:5      | Reached skill level 8 in Axes
  7589 | D:5      | Reached XP level 8. HP: 58/58 MP: 8/8
  8371 | D:6      | Reached skill level 5 in Throwing
  8881 | D:6      | Reached skill level 9 in Axes
  9114 | D:6      | Gained mutation: You regenerate magic rapidly. [demonic
                  | ancestry]
  9114 | D:6      | Reached XP level 9. HP: 45/63 MP: 9/9
 10722 | D:7      | Noticed Menkaure
 11414 | D:7      | Found a staircase to the Ecumenical Temple.
 11423 | Temple   | Entered the Ecumenical Temple
 11545 | D:7      | Found a transporter.
 11861 | D:7      | Found a transporter.
 11875 | D:7      | Reached skill level 10 in Axes
 11913 | D:7      | Identified the +0 pair of boots "Riemin" {+Inv rPois}
 11970 | D:7      | Killed Menkaure
 12913 | D:8      | Reached XP level 10. HP: 58/63 MP: 10/10
 13099 | D:8      | Found a hide-covered altar of Uskayaw.
 13330 | D:8      | Found an ancient bone altar of Kikubaaqudgha.
 13338 | D:8      | Found a hazy altar of Hepliaklqana.
 13525 | D:8      | Reached *** piety under Trog
 14238 | D:9      | Reached skill level 10 in Throwing
 14680 | D:9      | Found a staircase to the Orcish Mines.
 14837 | D:9      | Found Taakeir's General Store.
 16032 | D:10     | Entered Level 10 of the Dungeon
 16039 | D:10     | Identified the +0 pair of gloves of the Lost Path {rPois
                  | Dex+2 Slay+3}
 16065 | D:10     | Reached skill level 11 in Axes
 16551 | D:10     | Noticed Maurice
 16562 | D:10     | Killed Maurice
 16563 | D:10     | Gained mutation: When hurt, damage is shared between your
                  | health and your magic reserves. [demonic ancestry]
 16563 | D:10     | Reached XP level 11. HP: 75/75 MP: 11/11
 16826 | D:10     | Noticed a harpy
 16826 | D:10     | a human changed into a harpy
 16830 | D:10     | Killed a harpy
 16830 | D:10     | Noticed an orc knight
 16836 | D:10     | Noticed a green ugly thing
 16846 | D:10     | Killed an orc knight
 16897 | D:10     | Killed a white ugly thing
 17407 | D:10     | Identified the +7 spear "Uhapass" {vorpal, Int+4}
 17486 | D:10     | Noticed a two-headed ogre
 17495 | D:10     | Killed a two-headed ogre
 17914 | D:10     | Noticed an ogre mage
 17918 | D:10     | Paralysed by an ogre mage for 6 turns
 17931 | D:10     | Killed an ogre mage
 17932 | D:10     | Reached skill level 12 in Axes
 18219 | D:10     | Noticed a two-headed ogre
 18225 | D:10     | Killed a two-headed ogre
 18841 | D:11     | Gained mutation: Your movements are less encumbered by
                  | armour. (ER -4) [demonic ancestry]
 18841 | D:11     | Reached XP level 12. HP: 74/81 MP: 12/12
 18877 | D:11     | Found a staircase to the Lair.
 18878 | D:11     | Noticed a boulder beetle
 19104 | D:11     | Killed a boulder beetle
 19358 | D:11     | Reached skill level 13 in Axes
 19455 | D:12     | Noticed Erolcha
 19470 | D:12     | Killed Erolcha
 19632 | D:12     | Noticed a boulder beetle
 19642 | D:12     | Killed a boulder beetle
 19764 | D:12     | Reached **** piety under Trog
 19767 | D:12     | Found a large runed translucent door.
 19783 | D:12     | Found a large runed translucent door.
 19796 | D:12     | Noticed a two-headed ogre
 19860 | D:12     | Noticed Gastronok
 19860 | D:12     | Noticed a two-headed ogre
 19876 | D:12     | Killed a two-headed ogre
 20230 | D:12     | Killed Gastronok
 20422 | D:12     | Found an iron altar of Okawaru.
 20522 | D:12     | Noticed a centaur warrior
 20616 | D:13     | Reached skill level 14 in Axes
 20625 | D:13     | Slain by a skeletal warrior

Illustrated notes

Levels and vault maps discovered:
D:1:      minmay_arrival_nine_rooms, layout_rooms, basic_ecumenical_altar
D:2:      layout_basic
D:3:      layout_loops_ring, minitemple, portal_sewer_entry_b,
          lemuel_old_faithful
D:4:      layout_basic, uniq_eustachio
D:5:      layout_layer_cave, minivault_24
D:6:      minmay_chambers_of_threes, layout_basic
D:7:      gammafunk_cloud_chamber, layout_loops_cross, lemuel_temple_firewalk_b,
          uniq_menkaure
D:8:      minmay_flawed_box, layout_basic, lemuel_coloured_pillars_altar,
          grunt_temple_overflow_open, serial_aquarium,
          aquarium_bridge_island_small [aquarium_subvault_small_water,
          aquarium_subvault_balcony, aquarium_subvault_balcony,
          aquarium_subvault_bridge, aquarium_subvault_wall],
          aquarium_window_fake, aquarium_window_fake, aquarium_window_fake,
          aquarium_view_2c, aquarium_view_2g, aquarium_pool_double
D:9:      minmay_general_purpose_star, layout_loops_ring,
          kennysheep_orc_monster_closet_entryway, serial_shops,
          nicolae_shop_crystal, minmay_misc_feat_nine_boxes,
          hangedman_decor_points
D:10:     minmay_the_grid_net [minmay_the_grid_outer_diamond,
          minmay_the_grid_minigrid_medium, minmay_the_grid_spikes,
          minmay_the_grid_slots, minmay_the_grid_small_cups,
          minmay_the_grid_prize_inner_circle], layout_stronghold, uniq_maurice
D:11:     layout_roguey, david_lair_generic
D:12:     okawaru_arena_lexackson, layout_gridville, okawaru_ov_weapons_minmay,
          uniq_gastronok, uniq_erolcha
D:13:     layout_rooms, david_vaults_5, minmay_misc_feat_five
Temple:   zaba_magenta_temple

Skill      XL: |  1  2  3  4  5  6  7  8  9 10 11 12 |
---------------+-------------------------------------+-----
Axes           | 3 4 5 6 7 8 9 10 11 12 14 | 14.0
Throwing       | 3 6 9 11 13 | 13.9
Fighting       | |  3.0
Armour         | |  1.7
Dodging        | |  1.7

Action                   |  1- 3 |  4- 6 |  7- 9 | 10-12 || total
-------------------------+-------+-------+-------+-------++-------
Melee: Hand axe          |   108 |   179 |   147 |    29 ||   463
       Punch             |     1 |     2 |     5 |     4 ||    12
       Tailslap          |       |     6 |    34 |    67 ||   107
       Spear             |       |       |   156 |   175 ||   331
       War axe           |       |       |       |   165 ||   165
       Battleaxe         |       |       |       |   133 ||   133
Throw: Boomerang         |       |       |    67 |    43 ||   110
       Stone             |       |       |     6 |     1 ||     7
       Dart              |       |       |     2 |    32 ||    34
Invok: Berserk           |     2 |     5 |    16 |    18 ||    41
       Trog's Hand       |       |       |       |     2 ||     2
 Abil: Evoke Invisibilit |       |       |     1 |     2 ||     3
Evoke: Wand              |       |       |     2 |     4 ||     6
  Use: Scroll            |       |       |       |    23 ||    23
 Stab: Sleeping          |     2 |     2 |     1 |       ||     5
       Invisible         |       |       |     1 |     5 ||     6
Armor: Animal skin       |     2 |       |       |       ||     2
       Leather armour    |    24 |    23 |    36 |       ||    83
       Crystal plate arm |       |       |    97 |   257 ||   354
       Acid dragon scale |       |       |       |    53 ||    53
Dodge: Dodged            |    67 |   114 |   119 |   191 ||   491

Table legend: (Time is in decaauts)
 A = Elapsed time spent in this place.
 B = Non-inter-level travel time spent in this place.
 C = Inter-level travel time spent in this place.
 D = Time resting spent in this place.
 E = Time spent auto-exploring this place.
 F = Levels seen in this place.
 G = Mean time per level.
                   A        B        C        D        E       F      G
               +--------+--------+--------+--------+--------+-----+--------+
         Total |  20975 |  20488 |    487 |   7952 |   9940 |  15 | 1398.3 |
       Dungeon |  19388 |  18920 |    468 |   7044 |   9502 |  13 | 1491.4 |
        Temple |     73 |     55 |     18 |      0 |     50 |   1 |   73.0 |
         Sewer |   1513 |   1513 |      0 |    908 |    387 |   1 | 1513.0 |
               +--------+--------+--------+--------+--------+-----+--------+

Top non-repeatable levels by time:
     D:6: 3116 daAuts
    D:10: 2494 daAuts
     D:5: 2109 daAuts
     D:4: 1921 daAuts
     D:8: 1757 daAuts
     D:7: 1540 daAuts
   Sewer: 1513 daAuts
     D:9: 1507 daAuts
    D:11: 1308 daAuts
     D:2: 1263 daAuts
    D:12: 854 daAuts
     D:3: 743 daAuts
     D:1: 702 daAuts
  Temple: 73 daAuts
    D:13: 66 daAuts
